 Dungeon Crawl Stone Soup version 0.18.1-48-g4cf74bf (webtiles) character file.

8454 Gargoyl the Protected (level 11, -41/84 HPs)
             Began as a Demonspawn Abyssal Knight on Sept 6, 2016.
             Was the Champion of Lugonu.
             Killed from afar by an orc sorcerer (44 damage)
             ... with a bolt of fire
             ... on level 1 of the Orcish Mines.
             The game lasted 00:20:57 (10721 turns).

Gargoyl the Protected (Demonspawn Abyssal Knight)  Turns: 10721, Time: 00:20:57

Health: -41/84     AC: 21    Str: 17    XL:     11   Next: 10%
Magic:  14/14      EV:  7    Int: 13    God:    Lugonu [******]
Gold:   807        SH: 11    Dex: 19    Spells: 0 memorised, 10 levels left

rFire  . . .     SeeInvis +     w - +2 hand axe (flame)
rCold  . . .     Gourm    .     m - +0 plate armour (curse)
rNeg   . . .     Faith    .     u - +0 shield
rPois  +         Spirit   .     (helmet unavailable)
rElec  .         Dismiss  .     r - +0 cloak
rCorr  .         Reflect  .     e - +2 pair of gloves
SustAt .         Harm     .     I - +1 pair of boots
MR     .....                    (no amulet)
Stlth  ..........               B - ring of poison resistance
                                l - +3 ring of dexterity

@: not resistant to hostile enchantments, extremely unstealthy
A: antennae 3, thin skeletal structure 2, high mp 1, mutation resistance 1,
powered by pain 2, spiny 2
a: Depart the Abyss, Bend Space, Banish, Corrupt, Enter the Abyss, Brand Weapon
With Distortion, Renounce Religion


You were on level 1 of the Orcish Mines.
You worshipped Lugonu.
Lugonu was exalted by your worship.
You were not hungry.

You visited 2 branches of the dungeon, and saw 10 of its levels.
You visited the Abyss 1 time.

You collected 807 gold pieces.

Inventory:

Hand Weapons
 w - a +2 hand axe of flaming (weapon)
 F - a +0 hand axe of freezing
Missiles
 J - 6 poisoned tomahawks (quivered)
Armour
 e - a +2 pair of gloves (worn)
 m - a cursed +0 plate armour (worn)
 r - a +0 cloak (worn)
 u - a +0 shield (worn)
 I - a +1 pair of boots (worn)
Jewellery
 l - a +3 ring of dexterity (left hand)
 y - an uncursed ring of protection from cold
 B - a ring of poison resistance (right hand)
 C - a +5 ring of protection
 P - an uncursed amulet of regeneration {unknown}
Wands
 a - a wand of disintegration (9/24)
 n - a wand of paralysis (13/24)
 x - a wand of slowing (5/48)
 H - a wand of random effects (35/48)
 N - a wand of iceblast (5/15)
 O - a wand of slowing (19/48)
Scrolls
 h - 2 scrolls of teleportation
 i - a scroll of magic mapping
 j - 10 scrolls of identify
 k - 8 scrolls of amnesia
 t - a scroll of recharging
 K - 9 scrolls of remove curse
Potions
 d - 2 potions of flight
 o - a potion of lignification {unknown}
 p - 2 potions of magic
 s - 3 potions of curing
 v - a potion of agility {unknown}
 z - a potion of cancellation {unknown}
 D - a potion of degeneration {unknown}
 E - a potion of brilliance {unknown}
 M - a potion of beneficial mutation {unknown}
Books
 b - a book of Ice

   Spells                             Type                      Level
   a - Ice Form                       Ice/Transmutation            4
   b - Metabolic Englaciation         Hexes/Ice                    5
   c - Ozocubu's Refrigeration        Ice                          6
   d - Bolt of Cold                   Conjuration/Ice              6
   e - Freezing Cloud                 Conjuration/Ice/Air          6
   f - Simulacrum                     Ice/Necromancy               6
 G - a book of Air

   Spells                             Type                      Level
   a - Shock                          Conjuration/Air              1
   b - Swiftness                      Charms/Air                   2
   c - Repel Missiles                 Charms/Air                   2
   d - Static Discharge               Conjuration/Air              3
   e - Lightning Bolt                 Conjuration/Air              5
 L - a book of the Dragon

   Spells                             Type                      Level
   a - Flame Tongue                   Conjuration/Fire             1
   b - Cause Fear                     Hexes                        4
   c - Bolt of Fire                   Conjuration/Fire             6
   d - Dragon Form                    Transmutation                7
   e - Dragon's Call                  Summoning                    9
Comestibles
 c - 9 bread rations
 f - 7 slices of pizza
 g - a fruit
 q - 4 beef jerkies
 A - a meat ration
 Q - 4 chunks of flesh


   Skills:
 + Level 7.0 Fighting
 + Level 6.8 Axes
 * Level 9.7 Armour
 + Level 5.7 Dodging
 + Level 2.6 Stealth
 + Level 6.4 Shields
 + Level 2.8 Invocations


You had 10 spell levels left.
You didn't know any spells.

Dungeon Overview and Level Annotations

Branches:
Dungeon (9/15)             Temple (0/1) D:6             Orc (1/2) D:9
   Lair: D:8-11

Altars:
Ashenzari
Dithmenos
Elyvilon
Kikubaaqudgha
Nemelex Xobeh
Okawaru
Pakellas
Qazlal
Sif Muna
Trog
Vehumet


Innate Abilities, Weirdness & Mutations

You have a pair of large antennae on your head (SInv).
You have a moderately thin skeletal structure (Dex +4, Stealth+).
You sometimes gain power by taking damage.
You are mostly covered in sharp spines.
You have an increased reservoir of magic (+10% MP).
You are somewhat resistant to further mutation.


Message History

The orc priest is heavily wounded.
Your shield and plate armour prevent you from hitting the orc warrior.
The orc warrior is almost dead.
You hit the orc. You burn the orc.
You kill the orc!
Lugonu accepts your kill.
Lugonu will corrupt your weapon with distortion... once.
You hit the orc sorcerer but do no damage.
The orc sorcerer is severely wounded.
The orc priest is struck by your spines.
The orc priest hits you but does no damage.
The orc sorcerer gestures at you while chanting.
The bolt of fire hits you!
* * * LOW HITPOINT WARNING * * *
You block the orc warrior's attack.
The orc priest hits you but does no damage.
The orc sorcerer casts a spell at you. The bolt of fire hits you!
Ouch! That really hurt!
You die...

.....# #......# ##
#...###.....## #.#
#...#.....### # #..#
#.......## ##.##..##
#........#
#.......####.....###
###......#......).####
......)o†......)))...#
o #.o@......#........#
###o).....###.......
#..$...## ##...###
#.......# .....
........... ......
............. #.....
.....###.#..... #....
.....# ####..##


You could see an orc sorcerer, an orc warrior and an orc priest.

Vanquished Creatures
  Pikel (D:5)
  A troll (D:9)
  Grinder (D:3)
  A human (D:7)
  A hippogriff (D:9)
  5 yaks
  A hungry ghost (D:8)
  The ghost of Gargoyl the Covered, an amateur DsAK of Lugonu (D:4)
  The ghost of bezptakow the Magician, an amateur DEFE (D:3)
  3 ice beasts
  6 orc warriors
  5 sky beasts
  3 black bears
  An eye of draining (D:9)
  2 phantoms
  6 ogres
  A wasp (D:9)
  A centaur (D:6)
  A big kobold (D:9)
  4 giant frogs
  Blork the orc (D:4)
  A wyvern zombie (D:8)
  6 scorpions
  21 killer bees
  10 wights (D:7)
  5 jellies
  A centaur zombie (D:5)
  3 crimson imps
  2 hounds
  2 giant frog zombies (D:5)
  8 orc priests
  2 giant frog skeletons
  8 orc wizards
  4 centaur skeletons
  2 iguanas
  6 worker ants
  A statue (D:6)
  3 sheep (D:7)
  A killer bee zombie (D:5)
  2 hound zombies (D:5)
  2 hound skeletons
  2 worker ant zombies
  A howler monkey skeleton (D:5)
  6 adders
  2 shadow imps
  2 oozes
  An adder zombie (D:5)
  2 adder skeletons
  2 worms
  3 dart slugs
  5 giant geckos
  33 orcs
  6 giant cockroaches
  8 goblins
  5 hobgoblins
  19 jackals
  3 quokkas
  A ball python (D:2)
  6 bats
  A giant cockroach zombie (D:5)
  A giant gecko skeleton (D:9)
  9 giant newts
  A jackal skeleton (D:5)
  7 kobolds
  A quokka skeleton (D:9)
  2 quokka zombies (D:5)
  11 rats
277 creatures vanquished.

Vanquished Creatures (others)
  A slave (D:5)
  A hound skeleton (D:5)
  A worker ant zombie (D:5)
  An adder (D:5)
4 creatures vanquished.

Grand Total: 281 creatures vanquished

Notes
Turn   | Place    | Note
--------------------------------------------------------------
     0 | Abyss:1  | Gargoyl the Demonspawn Abyssal Knight began the quest for the Orb.
     0 | Abyss:1  | Reached XP level 1. HP: 18/18 MP: 2/2
   138 | Abyss:2  | Noticed a starcursed mass
   162 | Abyss:2  | Noticed an Executioner
   164 | D:1      | Escaped the Abyss
   233 | D:1      | Reached skill level 2 in Armour
   251 | D:1      | Gained mutation: You sometimes gain a little power by taking damage. [demonic ancestry]
   251 | D:1      | Reached XP level 2. HP: 14/24 MP: 3/3
   252 | D:1      | Reached skill level 1 in Dodging
   260 | D:1      | Reached * piety under Lugonu
   613 | D:1      | Gained mutation: You have a somewhat thin skeletal structure (Dex +2, Stealth). [demonic ancestry]
   613 | D:1      | Reached XP level 3. HP: 29/29 MP: 5/5
  1138 | D:2      | Found a shadowy altar of Dithmenos.
  1150 | D:2      | Reached ** piety under Lugonu
  1318 | D:2      | Gained mutation: You are partially covered in sharp spines. [demonic ancestry]
  1318 | D:2      | Reached XP level 4. HP: 35/35 MP: 6/6
  1608 | D:3      | Found an iron altar of Okawaru.
  1629 | D:3      | Reached skill level 3 in Armour
  1898 | D:3      | Noticed bezptakow's ghost (amateur DEFE)
  1910 | D:3      | Killed bezptakow's ghost
  1910 | D:3      | Reached skill level 1 in Shields
  1910 | D:3      | Gained mutation: You sometimes gain power by taking damage. [demonic ancestry]
  1910 | D:3      | Reached XP level 5. HP: 13/41 MP: 7/7
  2169 | D:3      | Noticed Grinder
  2183 | D:3      | Paralysed by Grinder for 3 turns
  2203 | D:3      | Killed Grinder
  2203 | D:3      | Reached skill level 4 in Armour
  2203 | D:3      | Reached skill level 1 in Stealth
  2203 | D:3      | Gained mutation: You have a pair of small antennae on your head. [demonic ancestry]
  2203 | D:3      | Reached XP level 6. HP: 20/47 MP: 8/8
  2800 | D:4      | Found an iron altar of Okawaru.
  2826 | D:4      | Reached XP level 7. HP: 52/53 MP: 9/9
  2844 | D:4      | Reached *** piety under Lugonu
  2949 | D:4      | Noticed Blork the orc
  2963 | D:4      | Killed Blork the orc
  2963 | D:4      | Reached skill level 5 in Armour
  3202 | D:4      | Found a stormy altar of Qazlal.
  3216 | D:4      | Noticed Gargoyl's ghost (amateur DsAK)
  3242 | D:4      | Killed Gargoyl's ghost
  3504 | D:4      | Reached XP level 8. HP: 60/60 MP: 10/10
  3653 | D:5      | Entered Level 5 of the Dungeon
  3804 | D:5      | Reached skill level 6 in Armour
  4453 | D:5      | Noticed Pikel
  4474 | D:5      | Gained mutation: You have a pair of antennae on your head. [potion of mutation]
  4474 | D:5      | Gained mutation: You have an increased reservoir of magic (+10% MP). [potion of mutation]
  4474 | D:5      | Gained mutation: You are somewhat resistant to further mutation. [potion of mutation]
  4482 | D:5      | Killed Pikel
  4482 | D:5      | Reached skill level 5 in Fighting
  4482 | D:5      | Gained mutation: You are mostly covered in sharp spines. [demonic ancestry]
  4482 | D:5      | Reached XP level 9. HP: 36/68 MP: 12/12
  4667 | D:5      | Found an ancient bone altar of Kikubaaqudgha.
  5088 | D:6      | Reached skill level 5 in Axes
  5201 | D:6      | Found a white marble altar of Elyvilon.
  5357 | D:6      | Found a staircase to the Ecumenical Temple.
  5363 | D:6      | Reached **** piety under Lugonu
  5363 | D:6      | Reached skill level 7 in Armour
  5448 | D:6      | Found a deep blue altar of Sif Muna.
  5496 | D:6      | Reached skill level 5 in Dodging
  5889 | D:6      | Found a radiant altar of Vehumet.
  6511 | D:7      | Reached skill level 8 in Armour
  6511 | D:7      | Gained mutation: You have a moderately thin skeletal structure (Dex +4, Stealth+). [demonic ancestry]
  6511 | D:7      | Reached XP level 10. HP: 64/76 MP: 13/13
  6624 | D:7      | Reached skill level 5 in Shields
  6990 | D:7      | Found an oddly glowing altar of Pakellas.
  7137 | D:7      | Reached ***** piety under Lugonu
  7451 | D:7      | Found a bloodstained altar of Trog.
  8003 | D:8      | Found a shattered altar of Ashenzari.
  8909 | D:9      | Reached skill level 9 in Armour
  9511 | D:9      | Found a sparkling altar of Nemelex Xobeh.
  9747 | D:9      | Found a staircase to the Orcish Mines.
  9972 | Orc:1    | Entered Level 1 of the Orcish Mines
  9978 | Orc:1    | Noticed an orc warlord
  9989 | D:9      | Gained mutation: You have a pair of large antennae on your head (SInv). [demonic ancestry]
  9989 | D:9      | Reached XP level 11. HP: 55/84 MP: 14/14
 10710 | Orc:1    | Noticed an orc sorcerer
 10721 | Orc:1    | Reached ****** piety under Lugonu
 10721 | Orc:1    | HP: 3/84 [orc sorcerer/bolt of fire (30)]
 10721 | Orc:1    | Killed from afar by an orc sorcerer

Skill      XL: |  1  2  3  4  5  6  7  8  9 10 |
---------------+-------------------------------+-----
Armour         | 2 3 4 5 6 8 9 |  9.7
Dodging        | 1 2 3 4 5 |  5.7
Axes           | 2 3 4 5 6 |  6.8
Shields        | 1 2 3 4 6 |  6.4
Stealth        | 1 2 |  2.6
Fighting       | 4 5 6 7 |  7.0
Invocations    | |  2.8

Action                   |  1- 3 |  4- 6 |  7- 9 | 10-12 || total
-------------------------+-------+-------+-------+-------++-------
Melee: Hand axe          |   163 |    75 |   271 |   291 ||   800
Invok: Depart the Abyss  |     1 |       |       |       ||     1
       Bend Space        |       |       |       |     4 ||     4
       Banish            |       |       |       |     1 ||     1
  Use: Scroll            |       |     7 |     3 |     7 ||    17
       Potion            |       |     3 |     3 |     4 ||    10
 Stab: Sleeping          |     1 |       |     3 |       ||     4
  Eat: Chunk             |     2 |     1 |    10 |    12 ||    25
       Bread ration      |       |     1 |       |       ||     1
       Beef jerky        |       |       |     1 |     1 ||     2
       Pizza             |       |       |       |     1 ||     1
Armor: Ring mail         |   124 |    31 |    81 |       ||   236
       Plate armour      |       |       |    66 |   144 ||   210
Dodge: Dodged            |   120 |    24 |   117 |    66 ||   327
Block: Buckler           |    24 |       |       |       ||    24
       Shield            |       |    35 |   153 |   180 ||   368
